 Dungeon Crawl Stone Soup version 0.21.1-1-g345015f (webtiles) character file.

36 nightchill the Sneak (level 3, -1/19 HPs)
             Began as a Kobold Wizard on Mar 20, 2018.
             Slain by a gnoll
             ... wielding a +0 flail
              (12 damage)
             ... on level 1 of the Dungeon.
             The game lasted 00:10:44 (2403 turns).

nightchill the Sneak (Kobold Wizard)                Turns: 2403, Time: 00:10:45

Health: -1/19      AC:  3    Str:  5    XL:     3   Next: 57%
Magic:  1/8        EV: 15    Int: 19    God:
Gold:   61         SH:  0    Dex: 13    Spells: 2/9 levels left

rFire    . . .     SeeInvis .   a - +0 short sword
rCold    . . .     Gourm    .   (shield restricted)
rNeg     . . .     Faith    .   g - +0 robe
rPois    .         Spirit   .   h - +1 hat
rElec    .         Reflect  .   (no cloak)
rCorr    .         Harm     .   (no gloves)
MR       .....                  (no boots)
Stlth    ++........             (no amulet)
HPRegen  0.06/turn              (no ring)
MPRegen  0.11/turn              (no ring)

@: very slightly contaminated
A: small, carnivore
a: no special abilities


You were on level 1 of the Dungeon.
You were completely stuffed.

You visited 1 branch of the dungeon, and saw 2 of its levels.

You collected 61 gold pieces.

Inventory:

Hand Weapons
 a - a +0 short sword (weapon)
 b - a +0 hunting sling
 j - a +0 dagger
 l - a cursed -2 short sword
Missiles
 e - 71 stones (quivered)
 m - 18 bolts
Armour
 g - a +0 robe (worn)
 h - a +1 hat (worn)
 i - a cursed +0 ring mail
Scrolls
 f - a scroll of magic mapping {unknown}
 k - a scroll of identify
 n - a scroll of fear
 p - a scroll of immolation {unknown}
Books
 c - a book of Minor Magic

   Spells                             Type                      Level
   a - Magic Dart                     Conjuration                  1
   b - Blink                          Translocation                2
   c - Call Imp                       Summoning                    2
   d - Slow                           Hexes                        2
   e - Conjure Flame                  Conjuration/Fire             3
   f - Mephitic Cloud                 Conjuration/Poison/Air       3
Comestibles
 d - 3 rations


   Skills:
 - Level 1.1 Short Blades
 - Level 2.4 Dodging
 - Level 3.6 Stealth
 - Level 3.5 Spellcasting
 + Level 1.9 Conjurations
   Level 1.0 Summonings
   Level 1.0 Translocations
 + Level 0.2 Air Magic
 + Level 0.1 Poison Magic


You had 2 spell levels left.
You knew the following spells:

 Your Spells              Type           Power        Failure   Level  Hunger
a - Magic Dart            Conj           ##..         6%          1    None
b - Mephitic Cloud        Conj/Pois/Air  #.......     32%         3    ###....
c - Conjure Flame         Conj/Fire      #.......     28%         3    ###....


Dungeon Overview and Level Annotations

Branches:
Dungeon (2/15)

Altars:

Annotations:
D:2 Jessica


Innate Abilities, Weirdness & Mutations

You are small and have problems with some larger weapons.
You are carnivorous and can eat meat at any time.


Message History

Casting: Magic Dart
Confirm with . or Enter, or press ? or * to list all spells.
You don't have enough magic to cast that spell.
You hit the gnoll.
The gnoll is almost dead.
The gnoll closely misses you.
You barely miss the gnoll.
The gnoll is almost dead.
The gnoll hits you but does no damage.
You hit the gnoll but do no damage.
The gnoll is almost dead.
The gnoll completely misses you.
You hit the gnoll but do no damage.
The gnoll is almost dead.
The gnoll closely misses you.
You closely miss the gnoll.
The gnoll is almost dead.
The gnoll hits you with a flail!
Ouch! That really hurt!
You die...

#>..###.# #....
#.......# #.##.
#...######### #.##.
##.###......# #.#..
#..# #.####.# #.#.#
#..# #.# #.#####.#.#
#..# #.# #..........
#..###.# #######.#.#
#..g@..# ###...#
#.####.# #...... #.#
#.# #......
###.####.########....##
#............##.....##
#.#.####.##........## #
#.#.## #.##........# ##
#....###.##...#....# #.
#.................####.


You could see a gnoll.

Vanquished Creatures
  A worm (D:2)
  2 dart slugs (D:1)
  A leopard gecko (D:1)
  5 bats
  2 giant cockroaches (D:1)
  2 goblins
  3 hobgoblins
  4 kobolds
  2 frilled lizards
  5 rats
27 creatures vanquished.

Notes
Turn   | Place    | Note
-------+----------+-------------------------------------------
     0 | D:1      | nightchill the Kobold Wizard began the quest for the Orb.
     0 | D:1      | Reached XP level 1. HP: 10/10 MP: 4/4
   477 | D:1      | Reached XP level 2. HP: 6/15 MP: 0/6
  1455 | D:1      | Reached XP level 3. HP: 19/19 MP: 8/8
  1648 | D:2      | Reached skill level 1 in Short Blades
  1870 | D:2      | Learned a level 3 spell: Mephitic Cloud
  1900 | D:2      | Learned a level 3 spell: Conjure Flame
  2256 | D:2      | Noticed Jessica
  2403 | D:1      | Slain by a gnoll

Skill      XL: |  1  2  3 |
---------------+----------+-----
Stealth        | 3 |  3.6
Short Blades   | 1 |  1.1
Dodging        | |  2.4
Spellcasting   | |  3.5
Conjurations   | |  1.9
Summonings     | |  1.0
Translocations | |  1.0
Air Magic      | |  0.2
Poison Magic   | |  0.1

Action                   || total
-------------------------++-------
Melee: Club              ||    26
       Hand axe          ||    21
       Short sword       ||    63
 Cast: Magic Dart        ||    31
  Use: Scroll            ||     5
       Potion            ||     1
 Stab: Sleeping          ||    10
  Eat: Chunk             ||    13
Armor: Robe              ||    18
Dodge: Dodged            ||   115
